 Dungeon Crawl Stone Soup version 0.28-a0-563-gf77a47075d (webtiles) character file.

Game seed: 17428078851732016221

116 iamoutofideas the Chopper (level 5, 0/45 HPs)
             Began as a Hill Orc Monk on Oct 1, 2021.
             Slain by Sigmund (12 damage)
             ... on level 4 of the Dungeon.
             The game lasted 00:02:41 (3690 turns).

iamoutofideas the Chopper (Hill Orc Monk)           Turns: 3690, Time: 00:02:41

Health: 0/45       AC:  4    Str: 12 (15) XL:     5   Next: 1%
Magic:  5/5        EV: 16    Int:  9 (10) God:
Gold:   103        SH:  0    Dex: 12 (13) Spells: 4/4 levels left

rFire   . . .      SeeInvis .   a - +0 hand axe
rCold   + . .      Faith    .   (no shield)
rNeg    . . .      Spirit   .   e - +0 leather armour
rPois   .          Reflect  .   (no helmet)
rElec   .          Harm     .   l - +0 cloak
rCorr   .          Rampage  .   (no gloves)
Will    .....                   (no boots)
Stlth   +.........              (no amulet)
HPRegen 0.15/turn               c - +4 ring of evasion
MPRegen 0.09/turn               d - ring of protection from cold

@: attractive
A: no striking features
a: no special abilities


You were on level 4 of the Dungeon.
You visited 1 branch of the dungeon, and saw 4 of its levels.

You collected 103 gold pieces.

Inventory:

Hand Weapons
 a - a +0 hand axe (weapon)
Armour
 b - a +0 robe
 e - a +0 leather armour (worn)
 l - a +0 cloak (worn)
Jewellery
 c - a +4 ring of evasion (left hand)
 d - a ring of protection from cold (right hand)
 f - a ring of fire
 i - an amulet of magic regeneration
Scrolls
 j - a scroll of enchant weapon {unknown}
 k - a scroll of enchant armour
 n - a scroll of immolation {unknown}
 o - a scroll of teleportation {unknown}
 p - a scroll of fear {unknown}
Potions
 q - a potion of heal wounds {unknown}
 r - a potion of haste {unknown}


   Skills:
 - Level 3.6 Fighting
 + Level 7.3 Axes
 - Level 2.4 Dodging
 - Level 1.5 Stealth


You had 4 spell levels left.
You didn't know any spells.
Your spell library was empty.

Dungeon Overview and Level Annotations

Branches:
Dungeon (4/15)
 Temple: D:4-7

Altars:
Uskayaw
Zin

Annotations:
D:3 2 transporters, gorlok231's ghost, amateur DDMo
D:4 Sigmund


Message History

There are monsters nearby!
You closely miss the goblin. The goblin hits you but does no damage.
You closely miss the goblin.
Sigmund shouts!
Sigmund mumbles some strange words.
Sigmund flickers and vanishes!
Deactivating autopickup; reactivate with Ctrl-A.
The goblin completely misses you.
You hit the goblin.
You kill the goblin!
Something tries to affect you, but you resist.
No target in view!
No target in view!
You are confused.
You're too confused to move!
A puff of flame appears from out of thin air!
The puff of flame hits you.
You bump into the rock wall.
You bump into the rock wall.
A magic dart appears from out of thin air!
The magic dart hits you.
It was a potion of degeneration.
There was something very wrong with that liquid.
You feel weakened.
You feel dopey.
You feel clumsy. Something hits you.
You bump into the rock wall.
You feel less confused.
You hear some strange, mumbled words.
A puff of flame appears from out of thin air!
The puff of flame hits you!
It was a potion of attraction.
You feel attractive to monsters. Something hits you!
* * * LOW HITPOINT WARNING * * *
Something is attracted toward you.
As you read the scroll labelled BYTSAO IDURAISIOG, it crumbles to dust.
It is a scroll of identify.
k - a scroll of enchant armour Something hits you!
You die...

#.....# ####.##
#.# #.# #.# #.#
#.#
.##.##########.#
......)...ยง.@..#
###.############


There were no monsters in sight!

Vanquished Creatures
  4 adders
  4 dart slugs
  3 orcs (D:3)
  3 endoplasms
  2 giant cockroaches
  3 goblins
  9 hobgoblins
  8 jackals
  6 kobolds
  8 ball pythons
  6 bats
  3 frilled lizards (D:1)
  6 rats
65 creatures vanquished.

Notes
Turn   | Place    | Note
-------+----------+-------------------------------------------
     0 | D:1      | iamoutofideas the Hill Orc Monk began the quest for the
                  | Orb.
     0 | D:1      | Reached XP level 1. HP: 19/19 MP: 1/1
   249 | D:1      | Reached XP level 2. HP: 13/26 MP: 2/2
   570 | D:1      | Reached skill level 5 in Axes
   688 | D:1      | Reached XP level 3. HP: 27/31 MP: 3/3
  1565 | D:2      | Reached skill level 6 in Axes
  1906 | D:2      | Found a faded altar of an unknown god.
  1926 | D:2      | Reached XP level 4. HP: 39/39 MP: 4/4
  2316 | D:2      | Found a hide-covered altar of Uskayaw.
  2522 | D:3      | Noticed gorlok231's ghost (amateur DDMo)
  2772 | D:3      | Found a hide-covered altar of Uskayaw.
  2871 | D:3      | Found a transporter.
  2882 | D:3      | Found a transporter.
  2889 | D:3      | Reached skill level 7 in Axes
  3230 | D:3      | Found a glowing silver altar of Zin.
  3581 | D:3      | Reached XP level 5. HP: 45/45 MP: 5/5
  3674 | D:4      | Noticed Sigmund
  3690 | D:4      | Slain by Sigmund

Illustrated notes

Levels and vault maps discovered:
D:1:      matt_arrival_los_fun, layout_basic, bh_walls_and_bars
D:2:      layout_loops_corners, ebering_ecumenical_altar_box, basic_altar,
          grunt_ministairs_15, ebering_dispersal_statue_hall
D:3:      layout_loops_ring, nicolae_uskayaw_dance_hall,
          nicolae_overflow_crystal_walls, gammafunk_ghost_arena,
          amcnicky_mini_rare_corridor_liquid
D:4:      layout_loops_corners, uniq_eustachio, uniq_sigmund

Skill      XL: |  1  2  3  4 |
---------------+-------------+-----
Axes           | 5 6 7 |  7.3
Fighting       | |  3.6
Dodging        | |  2.4
Stealth        | |  1.5

Action                   |  1- 3 |  4- 6 || total
-------------------------+-------+-------++-------
Melee: Hand axe          |   116 |   121 ||   237
  Use: Potion            |       |     2 ||     2
       Scroll            |       |     1 ||     1
 Stab: Sleeping          |     4 |     3 ||     7
Armor: Robe              |    17 |       ||    17
       Leather armour    |     5 |    22 ||    27
Dodge: Dodged            |   104 |   104 ||   208

Table legend: (Time is in decaauts)
 A = Elapsed time spent in this place.
 B = Non-inter-level travel time spent in this place.
 C = Inter-level travel time spent in this place.
 D = Time resting spent in this place.
 E = Time spent auto-exploring this place.
 F = Levels seen in this place.
 G = Mean time per level.
                   A        B        C        D        E       F      G
               +--------+--------+--------+--------+--------+-----+--------+
         Total |   3689 |   3601 |     88 |    582 |   2493 |   4 |  922.2 |
       Dungeon |   3689 |   3601 |     88 |    582 |   2493 |   4 |  922.2 |
               +--------+--------+--------+--------+--------+-----+--------+

Top non-repeatable levels by time:
     D:1: 1562 daAuts
     D:3: 1130 daAuts
     D:2: 939 daAuts
     D:4: 56 daAuts
